[Event "Titled Tuesday Blitz February 14 Early 2023"]
[White "Kuchava, Ana"]
[Black "Rios Escobar, Adan"]
[WhiteFideId "13605348"]
[BlackFideId "3403645"]
[WhiteElo "2101"]
[BlackElo "2234"]
[Result "1-0"]
[Round "09"]
[TimeControl "180+2"]
[Date "2023.02.14"]
[WhiteClock "0:00:21"]
[BlackClock "0:00:07"]

1. d4 Nf6 2. Nf3 g6 3. c4 Bg7 4. Nc3 O-O 5. e4 d6 6. Be2 Na6 7. O-O e5 8. Re1 Bg4 9. d5 Nc5 10. Nd2 Nd3 11. Rf1 Nxc1 12. Bxg4 Nxg4 13. Qxg4 Nd3 14. Qe2 Nc5 15. b4 Nd7 16. Rac1 a5 17. a3 axb4 18. axb4 b6 19. Nb3 f5 20. exf5 gxf5 21. c5 bxc5 22. bxc5 Ra3 23. Qb2 Qa8 24. cxd6 cxd6 25. Nb5 Ra2 26. Qc3 Qb8 27. Qc6 Rb2 28. Qxd7 Rxb3 29. Nxd6 Qd8 30. Qe6+ Kh8 31. Nf7+ Rxf7 32. Qxf7 Qf8 33. Qe6 Rb8 34. d6 Rd8 35. d7 Bf6 36. Rc8 Kg7 37. Qxf5 Qe7 38. Rxd8 Qxd8 39. Qe6 e4 40. Qe8 h5 41. h3 h4 42. Re1 Qc7 43. Rxe4 Qc1+ 44. Re1 Qg5 45. Rd1 Bd8 46. Qe6 Kh8 47. Qf7 Bc7 48. Qe8+ Kg7 49. d8=Q Bxd8 50. Qxd8 Qxd8 51. Rxd8 Kg6 52. Rd4 Kg5 53. Rg4+ Kh5 54. g3 Kh6 55. Rxh4+ Kg6 56. Rg4+ Kh6 57. f4 Kh5 58. f5 Kh6 59. f6 Kh5 60. f7 Kh6 61. f8=Q+ Kh7 62. Qf7+ 1-0


[Site "https://www.chess.com"]

[Event "Titled Tuesday Blitz February 14 Early 2023"]
[White "Necula, Iulian"]
[Black "Jenkins, Drake"]
[WhiteFideId "1232380"]
[BlackFideId "2022397"]
[WhiteElo "1851"]
[BlackElo "2130"]
[Result "1-0"]
[Round "09"]
[TimeControl "180+2"]
[Date "2023.02.14"]
[WhiteClock "0:00:40"]
[BlackClock "0:00:04"]

1. d4 Nf6 2. Nc3 d5 3. Bf4 a6 4. e3 c5 5. Nf3 Nc6 6. Ne5 e6 7. g4 cxd4 8. exd4 Qb6 9. Nxc6 bxc6 10. Na4 Qa5+ 11. c3 e5 12. dxe5 Nxg4 13. Be2 h5 14. f3 Nh6 15. O-O Be6 16. b4 Qd8 17. Kh1 Nf5 18. Rg1 Be7 19. Nc5 g5 20. Bd2 g4 21. Bf4 Bxc5 22. bxc5 Qh4 23. Bg3 Nxg3+ 24. Rxg3 1-0


[Site "https://www.chess.com"]

[Event "Titled Tuesday Blitz February 14 Early 2023"]
[White "Ricaurte Lopez, Juan Carlos"]
[Black "Gedgafov, Chamal"]
[WhiteFideId "3600327"]
[BlackFideId "34130621"]
[WhiteElo "2226"]
[BlackElo "2118"]
[Result "0-1"]
[Round "09"]
[TimeControl "180+2"]
[Date "2023.02.14"]
[WhiteClock "0:00:04"]
[BlackClock "0:00:08"]

1. e4 c5 2. d4 e6 3. d5 exd5 4. exd5 Nf6 5. Nf3 d6 6. Bb5+ Nbd7 7. O-O Be7 8. a4 O-O 9. h3 Nb6 10. Nc3 c4 11. a5 Nbd7 12. Bxc4 Nc5 13. Re1 Bf5 14. Nh4 Bg6 15. Nxg6 hxg6 16. Bf4 Rc8 17. Qd4 Nfd7 18. Nb5 Bf6 19. Qe3 Ne5 20. Bf1 Re8 21. c3 a6 22. Nd4 g5 23. Bh2 Qd7 24. Qg3 Qc7 25. b4 Ncd7 26. Rac1 g6 27. Nf3 Nxf3+ 28. Qxf3 Kg7 29. Re2 Rxe2 30. Qxe2 Ne5 31. c4 Qd7 32. c5 Qa4 33. Qd2 Qd7 34. cxd6 Rxc1 35. Qxc1 Qxd6 36. Qc5 Qd7 0-1


[Site "https://www.chess.com"]

[Event "Titled Tuesday Blitz February 14 Early 2023"]
[White "Schut, Han"]
[Black "Jesusesmifuerza"]
[WhiteFideId "1005561"]
[WhiteElo "2101"]
[BlackElo "2006"]
[Result "1/2-1/2"]
[Round "09"]
[TimeControl "180+2"]
[Date "2023.02.14"]
[WhiteClock "0:00:13"]
[BlackClock "0:00:23"]

1. e4 c5 2. Nf3 e6 3. c4 Nc6 4. Nc3 Nf6 5. Be2 d5 6. exd5 exd5 7. d4 cxd4 8. Nxd4 dxc4 9. Nxc6 Qxd1+ 10. Nxd1 bxc6 11. Bxc4 Bb4+ 12. Bd2 Bxd2+ 13. Kxd2 O-O 14. Ne3 c5 15. Rhd1 Bb7 16. Ke2 Rfe8 17. Kf1 Rad8 18. Rxd8 Rxd8 19. Rd1 Rxd1+ 20. Nxd1 Bd5 21. Bxd5 Nxd5 22. g3 Kf8 23. Ke2 Ke7 24. Kd3 Kd6 25. a3 f5 26. f4 g6 27. b3 a6 28. Nb2 Nb6 29. a4 Nd5 30. Nc4+ Kc6 31. Ne5+ Kd6 32. Nf7+ Ke7 33. Kc4 Ne3+ 34. Kd3 Nf1 35. Ng5 Nxh2 36. Nxh7 Nf1 37. Kc4 Kd6 38. Ng5 Nxg3 39. Nf7+ Kc6 40. Ne5+ Kb6 41. Nxg6 Ne2 42. Kd5 a5 43. Ke5 c4 44. bxc4 Kc5 45. Kxf5 Nxf4 46. Nxf4 Kxc4 47. Ke5 Kb4 48. Nd3+ Kxa4 49. Kd4 Kb3 50. Nc5+ Kb4 51. Kd5 a4 52. Nxa4 1/2-1/2


[Site "https://www.chess.com"]

[Event "Titled Tuesday Blitz February 14 Early 2023"]
[White "Yonal, Timur"]
[Black "Alice, Mateus Felizardo Viageiro"]
[WhiteFideId "44115725"]
[BlackFideId "14800047"]
[WhiteElo "2039"]
[BlackElo "2202"]
[Result "1/2-1/2"]
[Round "09"]
[TimeControl "180+2"]
[Date "2023.02.14"]
[WhiteClock "0:00:31"]
[BlackClock "0:00:30"]

1. e4 c5 2. Nf3 d6 3. Bb5+ Bd7 4. Bxd7+ Qxd7 5. O-O Nc6 6. c3 e5 7. d4 Nf6 8. Re1 Be7 9. dxc5 dxc5 10. Qxd7+ Nxd7 11. Nbd2 O-O 12. Nf1 Rfd8 13. Ne3 Nf8 14. Nd5 Bd6 15. Be3 Ne6 16. Rad1 f6 17. a4 Kf7 18. Nd2 Bf8 19. Nc4 Ne7 20. a5 Nxd5 21. exd5 Nf4 22. Bxf4 exf4 23. Na3 Bd6 24. Nb5 Be5 25. c4 g5 26. Re2 g4 27. Re4 Kg6 28. f3 h5 29. Kf2 Kg5 30. Rde1 Kf5 31. b3 b6 32. a6 Rd7 33. R1e2 Rg8 34. Re1 g3+ 35. hxg3 Rxg3 36. Rh1 Rh7 37. Rh4 Kg5 38. Rh3 h4 39. Re1 Kf5 40. Reh1 Rxh3 41. gxh3 Rg7 42. Rg1 Rg3 43. Nxa7 Bd4+ 44. Ke2 Rxg1 45. Nb5 Ra1 46. a7 Ke5 47. d6 Ke6 48. a8=Q Rxa8 49. Nc7+ Kxd6 50. Nxa8 Kc6 51. Kd3 Kb7 52. Ke4 Be5 53. Kf5 Kxa8 54. Kg4 Ka7 55. Kxh4 Ka6 56. Kg4 Ka5 57. Kf5 Bd6 58. h4 Bf8 59. h5 Kb4 60. Kg6 Kxb3 61. Kf7 Bh6 62. Kxf6 Kxc4 63. Kg6 Bf8 64. Kf7 Bd6 65. Ke6 Bf8 66. Kf7 Bh6 67. Kg6 Bf8 68. Kf7 1/2-1/2


[Site "https://www.chess.com"]

[Event "Titled Tuesday Blitz February 14 Early 2023"]
[White "Afanasieva, Alexandra"]
[Black "Bongo Akanga Ndjila, Barthelemy"]
[WhiteFideId "34126926"]
[BlackFideId "10609431"]
[WhiteElo "1857"]
[BlackElo "1824"]
[Result "1-0"]
[Round "09"]
[TimeControl "180+2"]
[Date "2023.02.14"]
[WhiteClock "0:00:09"]
[BlackClock "0:00:43"]

1. e4 e5 2. Nf3 Nc6 3. Bb5 a6 4. Ba4 Nf6 5. O-O b5 6. Bb3 Be7 7. Re1 O-O 8. a3 d6 9. h3 Nb8 10. c3 Bb7 11. Bc2 Nbd7 12. d4 Nb6 13. b3 exd4 14. cxd4 Re8 15. Bb2 Bf8 16. Nc3 c5 17. d5 b4 18. axb4 cxb4 19. Nb1 a5 20. Nbd2 g6 21. Nc4 Nbd7 22. Qd4 Bg7 23. Qd2 Nc5 24. Qf4 Nh5 25. Qd2 Bxb2 26. Nxb2 Qf6 27. Nc4 Nf4 28. Nxd6 Qxd6 29. e5 Nxh3+ 30. gxh3 Qxd5 31. Qxd5 Bxd5 32. Nd4 Ne6 33. Nb5 Ra6 34. Bd3 Rc6 35. Nd6 Ra8 36. Bf1 Bxb3 37. Reb1 Bd5 38. Rxb4 axb4 39. Rxa8+ Kg7 40. Ne8+ Kh6 41. Nf6 Bf3 42. Rh8 Kg5 43. Rxh7 Kf5 44. Rxf7 Kxe5 45. Nd7+ Kd6 46. Rxf3 Kxd7 47. Bb5 Nd4 48. Rd3 Kc7 49. Bxc6 Nxc6 50. Kg2 Kb6 51. Kf3 Kb5 52. Ke3 Kc4 53. Rd1 b3 54. Rc1+ Kb4 55. Rxc6 b2 56. Rb6+ Ka3 57. Rb8 Ka2 58. h4 b1=Q 59. Rxb1 Kxb1 60. Kf4 Kc2 61. Kg5 Kd3 62. Kxg6 Ke2 63. h5 Kxf2 64. h6 1-0


[Site "https://www.chess.com"]

[Event "Titled Tuesday Blitz February 14 Early 2023"]
[White "Hartikainen, Jarmo"]
[Black "Osuna Vega, Enrique"]
[WhiteFideId "503134"]
[BlackFideId "2219549"]
[WhiteElo "2108"]
[BlackElo "2061"]
[Result "0-1"]
[Round "09"]
[TimeControl "180+2"]
[Date "2023.02.14"]
[WhiteClock "0:00:43"]
[BlackClock "0:00:34"]

1. e4 d6 2. d4 Nf6 3. Nc3 e5 4. Nf3 Nbd7 5. Bc4 Be7 6. Bxf7+ Kxf7 7. Ng5+ Kg8 8. Ne6 Qe8 9. Nxc7 Qg6 10. Nxa8 Qxg2 11. Rf1 exd4 12. Qxd4 Ne5 13. f4 Nfg4 14. fxe5 Bh4+ 15. Kd1 Qxf1+ 16. Kd2 Bg5+ 0-1


[Site "https://www.chess.com"]

[Event "Titled Tuesday Blitz February 14 Early 2023"]
[White "Tsotsonava, Elene"]
[Black "Michalski, Olaf"]
[WhiteFideId "13615939"]
[BlackFideId "1106740"]
[WhiteElo "2053"]
[BlackElo "2273"]
[Result "1-0"]
[Round "09"]
[TimeControl "180+2"]
[Date "2023.02.14"]
[WhiteClock "0:01:09"]
[BlackClock "0:00:11"]

1. e4 c5 2. Nf3 a6 3. c4 Nc6 4. d4 cxd4 5. Nxd4 Nf6 6. Nc3 e5 7. Nf5 d5 8. cxd5 Bxf5 9. exf5 Nd4 10. Bd3 Nxd5 11. Be4 Nb4 12. O-O Nbc6 13. Nd5 Bd6 14. Qg4 Kf8 15. f6 g6 16. Bh6+ Ke8 17. f4 exf4 18. Rae1 Ne6 19. Bxg6 hxg6 20. Rxe6+ Kd7 21. Re7# 1-0


[Site "https://www.chess.com"]

[Event "Titled Tuesday Blitz February 14 Early 2023"]
[White "Hertlein, Irena"]
[Black "Burdalev, Kirill"]
[WhiteFideId "21817618"]
[BlackFideId "14121913"]
[WhiteElo "1994"]
[BlackElo "2368"]
[Result "1-0"]
[Round "09"]
[TimeControl "180+2"]
[Date "2023.02.14"]
[WhiteClock "0:00:02"]
[BlackClock "0:00:01"]

1. Nf3 Nf6 2. c4 g6 3. b3 Bg7 4. Bb2 O-O 5. g3 d6 6. d4 Nbd7 7. Bg2 e5 8. dxe5 Ng4 9. O-O Ngxe5 10. Nc3 f5 11. Qd2 a5 12. Rad1 Nc5 13. Nxe5 Bxe5 14. Nd5 c6 15. Bxe5 dxe5 16. Qe3 Nd7 17. Nc3 Qe7 18. Na4 e4 19. f3 Nf6 20. Rd2 b5 21. cxb5 cxb5 22. Nb6 Rb8 23. fxe4 fxe4 24. Nxc8 Rbxc8 25. Rfd1 Rcd8 26. Qb6 Rxd2 27. Rxd2 e3 28. Rc2 Qe5 29. Bf3 Ng4 30. Qc5 Qxc5 31. Rxc5 Nf6 32. Rxb5 Rd8 33. Rxa5 Rd1+ 34. Kg2 Kf7 35. Ra7+ Ke6 36. Ra6+ Ke5 37. b4 g5 38. h3 h5 39. Ra5+ Ke6 40. Rxg5 Ra1 41. b5 Rxa2 42. b6 Rb2 43. b7 Kf7 44. Rc5 Kg6 45. Rc6 1-0


[Site "https://www.chess.com"]

[Event "Titled Tuesday Blitz February 14 Early 2023"]
[White "Vargas, Mauricio"]
[Black "Thomas, Anysia"]
[WhiteFideId "4404572"]
[BlackFideId "670472"]
[WhiteElo "2035"]
[BlackElo "2147"]
[Result "0-1"]
[Round "09"]
[TimeControl "180+2"]
[Date "2023.02.14"]
[WhiteClock "0:00:06"]
[BlackClock "0:00:44"]

1. e4 c5 2. Nc3 Nc6 3. f4 g6 4. Nf3 Bg7 5. Bb5 Nd4 6. Bf1 d6 7. d3 Nf6 8. h3 O-O 9. g3 d5 10. e5 Nh5 11. g4 Ng3 12. Rg1 Nxf1 13. Rxf1 f6 14. Bd2 Nxf3+ 15. Rxf3 fxe5 16. fxe5 Bxe5 17. Qe2 Rxf3 18. Qxf3 Be6 19. O-O-O Qd7 20. Bh6 Bg7 21. Bg5 Rf8 22. Qg3 b5 23. Re1 b4 24. Nb1 c4 25. Qe3 Bf7 26. dxc4 dxc4 27. Qc5 b3 28. axb3 cxb3 29. Nc3 bxc2 30. Kxc2 Qb7 31. Qa3 Rc8 32. Rxe7 Qg2+ 33. Kb1 Qf1+ 34. Bc1 Qd3+ 35. Ka1 Qc2 36. Re1 Bb3 37. Qxa7 Bxc3 38. Re8+ Rxe8 0-1


[Site "https://www.chess.com"]

[Event "Titled Tuesday Blitz February 14 Early 2023"]
[White "Thorsteinsdottir, Hallgerdur"]
[Black "Mohammadian, Mohammad"]
[WhiteFideId "2302454"]
[BlackFideId "12566055"]
[WhiteElo "1978"]
[BlackElo "1398"]
[Result "1-0"]
[Round "09"]
[TimeControl "180+2"]
[Date "2023.02.14"]
[WhiteClock "0:00:40"]
[BlackClock "0:00:04"]

1. d4 Nf6 2. c4 g6 3. Nc3 d5 4. cxd5 Nxd5 5. Bd2 Nxc3 6. Bxc3 Bg7 7. h3 O-O 8. Nf3 Nc6 9. e4 e6 10. Bb5 Bd7 11. O-O a6 12. Bd3 b5 13. a3 Ne7 14. Qe2 Bc6 15. Rfd1 Bb7 16. Rac1 c6 17. Bb4 Re8 18. Bb1 Qd7 19. Qe3 a5 20. Bc5 a4 21. Ne1 Qc7 22. Nc2 h5 23. Nb4 Kh7 24. Qe2 Bh6 25. Rc3 Bf4 26. d5 exd5 27. exd5 Nxd5 28. Nxd5 cxd5 29. Qxh5+ Bh6 30. Be3 Rxe3 31. Rxc7 Re4 32. Rxf7+ 1-0


[Site "https://www.chess.com"]

[Event "Titled Tuesday Blitz February 14 Early 2023"]
[White "Floresvillar Gonzalez, Luis Migu"]
[Black "Caspi, Israel"]
[WhiteFideId "5100542"]
[BlackFideId "2807394"]
[WhiteElo "2043"]
[BlackElo "2466"]
[Result "0-1"]
[Round "09"]
[TimeControl "180+2"]
[Date "2023.02.14"]
[WhiteClock "0:00:01"]
[BlackClock "0:01:16"]

1. d4 f5 2. Nc3 Nf6 3. e4 fxe4 4. Bg5 Nc6 5. Bxf6 exf6 6. d5 Ne5 7. Nxe4 f5 8. Nd2 Qe7 9. Qe2 Ng4 10. Ngf3 Qxe2+ 11. Bxe2 Bc5 12. O-O O-O 13. h3 Nf6 14. c4 a5 15. Nb3 Be7 16. Nbd4 g6 17. Rfe1 Bb4 18. Rf1 a4 19. a3 Bc5 20. Rad1 Re8 21. Rfe1 d6 22. Bd3 Bd7 23. Ne6 Bb6 24. Nfd4 Re7 25. Bc2 Rae8 26. Kf1 h6 27. Re2 Kf7 28. Rde1 Bxd4 29. Nxd4 Rxe2 30. Rxe2 Ra8 31. f4 Ra6 32. Kf2 Rb6 33. Bd3 c6 34. dxc6 bxc6 35. Kf3 c5 36. Nb5 Bc6+ 37. Kf2 Bxb5 38. cxb5 d5 39. Bc2 Ne4+ 0-1


[Site "https://www.chess.com"]

[Event "Titled Tuesday Blitz February 14 Early 2023"]
[White "Kukula, Pawel"]
[Black "Santos Flores, Alberto"]
[WhiteFideId "1115081"]
[BlackFideId "3601234"]
[WhiteElo "2135"]
[BlackElo "2164"]
[Result "0-1"]
[Round "09"]
[TimeControl "180+2"]
[Date "2023.02.14"]
[WhiteClock "0:00:28"]
[BlackClock "0:01:28"]

1. d4 d5 2. c4 c6 3. Nf3 Nf6 4. Nbd2 Bf5 5. g3 e6 6. Bg2 h6 7. O-O Nbd7 8. b3 Be7 9. Bb2 Ne4 10. e3 O-O 11. Nh4 Bxh4 12. Nxe4 dxe4 13. gxh4 Qxh4 14. f4 exf3 15. Qxf3 Nf6 16. d5 Ne4 17. Rad1 cxd5 18. cxd5 Rac8 19. dxe6 fxe6 20. Rd7 Nf6 21. Bxf6 Rxf6 22. Rxb7 Rg6 23. Kh1 Rc2 24. Rg1 Rcxg2 25. Qxg2 0-1


[Site "https://www.chess.com"]

[Event "Titled Tuesday Blitz February 14 Early 2023"]
[White "Lee, Addison"]
[Black "Yaniuk, Volodymyr"]
[WhiteFideId "30924570"]
[BlackFideId "14133083"]
[WhiteElo "2079"]
[BlackElo "2223"]
[Result "0-1"]
[Round "09"]
[TimeControl "180+2"]
[Date "2023.02.14"]
[WhiteClock "0:00:06"]
[BlackClock "0:00:04"]

1. Nf3 d5 2. d4 Nf6 3. Bf4 c5 4. e3 Qb6 5. Qc1 Nc6 6. Nbd2 Bf5 7. c3 Rc8 8. dxc5 Qxc5 9. Be2 h6 10. O-O Nh5 11. Bg3 Nxg3 12. hxg3 e6 13. Nb3 Qb6 14. Qd2 Be7 15. Nbd4 Bg6 16. Bd3 Bh5 17. Rfe1 O-O 18. Nxc6 bxc6 19. e4 Rfd8 20. Qc2 Rb8 21. Rab1 Bc5 22. Ne5 f6 23. Nf3 e5 24. a4 a5 25. Nh4 Bf7 26. Nf5 Rb7 27. Qe2 Qb3 28. Bc2 Qc4 29. Qg4 Be8 30. Nxh6+ Kf8 31. Nf5 dxe4 32. Bxe4 Rd2 33. Qh4 Rxf2 34. Qh8+ Qg8 35. Qxg8+ Kxg8 36. Ne3 Rfxb2 37. Rxb2 Rxb2 38. Kh2 Kf8 39. Nc4 Ra2 40. Nxa5 Rxa4 41. Nb7 Be7 42. Rb1 Rc4 43. Bf3 Rxc3 44. Na5 c5 45. Rb8 Kf7 46. Bh5+ g6 47. Bxg6+ Kxg6 48. Rxe8 Kf7 49. Rc8 Rc2 50. Rc7 Ke6 51. Rc6+ Kd7 52. Ra6 Bd6 53. Ra7+ Bc7 0-1


[Site "https://www.chess.com"]

[Event "Titled Tuesday Blitz February 14 Early 2023"]
[White "Nakamura, Hikaru"]
[Black "Indjic, Aleksandar"]
[WhiteFideId "2016192"]
[BlackFideId "911925"]
[WhiteElo "2775"]
[BlackElo "2618"]
[Result "1-0"]
[Round "10"]
[TimeControl "180+2"]
[Date "2023.02.14"]
[WhiteClock "0:00:16"]
[BlackClock "0:00:19"]

1. e4 c5 2. Nf3 d6 3. c3 Nf6 4. h3 g6 5. Bd3 Bg7 6. Bc2 e5 7. d3 O-O 8. O-O Nc6 9. a3 h6 10. b4 b6 11. Nbd2 Bb7 12. Re1 Re8 13. Bb2 b5 14. Nf1 a6 15. Ne3 Nb8 16. bxc5 dxc5 17. c4 Nc6 18. Nd5 Nd7 19. Bb3 Rb8 20. cxb5 axb5 21. a4 b4 22. Rc1 Na5 23. Nd2 Rc8 24. Nc4 Nxc4 25. Bxc4 Nb6 26. Nxb6 Qxb6 27. Qb3 Re7 28. Rc2 Bc6 29. Ra1 Qa5 30. Bc1 Be8 31. Be3 Ra7 32. Rca2 Bf8 33. Qc2 Kh7 34. Bb3 Rca8 35. Rf1 g5 36. Rc1 Rc8 37. Qd1 Qd8 38. Rca1 Ra5 39. Bc4 Kg7 40. h4 Be7 41. hxg5 hxg5 42. g3 Qd6 43. Kg2 Qg6 44. Qg4 Rd8 45. Bb3 Bd7 46. Qd1 Rh8 47. g4 Qh6 48. Qf3 Qh2+ 49. Kf1 Ra6 50. Qxf7+ Kh6 51. Qxe7 Qh1+ 52. Ke2 Bxg4+ 53. Kd2 Qf3 54. Qxg5+ Kh7 55. Bd1 1-0


[Site "https://www.chess.com"]

[Event "Titled Tuesday Blitz February 14 Early 2023"]
[White "Ter-Sahakyan, Samvel"]
[Black "Andreikin, Dmitry"]
[WhiteFideId "13302531"]
[BlackFideId "4158814"]
[WhiteElo "2617"]
[BlackElo "2729"]
[Result "1/2-1/2"]
[Round "10"]
[TimeControl "180+2"]
[Date "2023.02.14"]
[WhiteClock "0:01:36"]
[BlackClock "0:01:56"]

1. d4 d5 2. c4 e6 3. Nf3 Nf6 4. Nc3 a6 5. cxd5 exd5 6. Bg5 Be6 7. e3 Nbd7 8. Bd3 h6 9. Bh4 Bd6 10. Bg3 Bxg3 11. hxg3 Rc8 12. Rc1 O-O 13. Bb1 Re8 14. O-O c6 15. Qb3 Qc7 16. Ne2 Bg4 17. Nf4 Qb8 18. Nh2 Be6 19. Nf3 Bg4 20. Nh2 Be6 21. Nf3 Bg4 1/2-1/2


[Site "https://www.chess.com"]

[Event "Titled Tuesday Blitz February 14 Early 2023"]
[White "Nihal Sarin"]
[Black "Pranav, V"]
[WhiteFideId "25092340"]
[BlackFideId "25060783"]
[WhiteElo "2673"]
[BlackElo "2597"]
[Result "0-1"]
[Round "10"]
[TimeControl "180+2"]
[Date "2023.02.14"]
[WhiteClock "0:00:03"]
[BlackClock "0:00:04"]

1. d4 Nf6 2. Nf3 e6 3. Bf4 b6 4. e3 Bb7 5. Nbd2 c5 6. Nc4 Be7 7. Nd6+ Bxd6 8. Bxd6 Ne4 9. Bf4 O-O 10. Bd3 f5 11. O-O h6 12. h3 d6 13. Nd2 Qe7 14. Nc4 Rd8 15. c3 Nf6 16. Bh2 Nc6 17. a4 Rac8 18. Re1 Qf8 19. a5 b5 20. a6 Ba8 21. Na3 b4 22. Nb5 bxc3 23. bxc3 Rd7 24. Bc4 Qe7 25. dxc5 dxc5 26. Qb3 Re8 27. Red1 Nd5 28. Bf1 Kh7 29. c4 Nf6 30. Rxd7 Qxd7 31. Rd1 Qe7 32. Bd6 Qf7 33. Bxc5 Qg6 34. Nc7 Rb8 35. Qc2 Ne4 36. Bd4 Nb4 37. Qe2 Nc6 38. Nxa8 Nxd4 39. exd4 Nc3 40. Qe5 Rxa8 41. Rd3 Ne4 42. f3 Ng5 43. h4 Nf7 44. Qc7 Qf6 45. h5 e5 46. dxe5 Nxe5 47. Rd5 Re8 48. Qxa7 Nxf3+ 49. gxf3 Qg5+ 50. Kf2 Qh4+ 51. Kg1 Qg3+ 52. Kh1 Qh4+ 53. Kg2 Qg5+ 54. Kh2 Qh4+ 55. Kg2 Qg5+ 56. Kh1 Qh4+ 57. Kg1 Qg3+ 58. Kh1 Qxf3+ 59. Kg1 Qg3+ 60. Kh1 Re4 0-1


[Site "https://www.chess.com"]

[Event "Titled Tuesday Blitz February 14 Early 2023"]
[White "Le, Tuan Minh"]
[Black "Makarian, Rudik"]
[WhiteFideId "12401153"]
[BlackFideId "44105681"]
[WhiteElo "2542"]
[BlackElo "2545"]
[Result "1/2-1/2"]
[Round "10"]
[TimeControl "180+2"]
[Date "2023.02.14"]
[WhiteClock "0:00:09"]
[BlackClock "0:00:09"]

1. d4 Nf6 2. Nf3 c5 3. c3 d5 4. Bf4 Nc6 5. e3 Qb6 6. Qc2 g6 7. Nbd2 Bg7 8. Be2 O-O 9. O-O Bf5 10. dxc5 Qxc5 11. Qb3 Na5 12. Qa4 Qb6 13. Rac1 Rac8 14. Rfd1 Rfd8 15. h3 a6 16. Bh2 h6 17. b4 Nc6 18. a3 Ne4 19. Nxe4 Bxe4 20. Nd4 Ne5 21. Bxe5 Bxe5 22. Qb3 Kg7 23. Qb2 Bf6 24. Nb3 Bf5 25. Qd2 h5 26. Nd4 Bd7 27. Bd3 Ba4 28. Bc2 Bxc2 29. Rxc2 e6 30. Qd3 Rc4 31. Rdc1 Rdc8 32. Nb3 Qd6 33. Nd2 R4c6 34. e4 b5 35. g3 Qe5 36. exd5 Qxd5 37. Qxd5 exd5 38. Nb3 Rxc3 39. Nc5 Rxc2 40. Rxc2 Ra8 41. Rd2 d4 42. Rd3 a5 43. Ne4 axb4 44. axb4 Ra1+ 45. Kg2 Rb1 46. Nxf6 Kxf6 47. Rxd4 Rb3 48. f4 Ke6 49. h4 Kf6 50. Kf2 Ke6 51. Kg2 Kf6 52. Kh3 Ke6 53. Re4+ Kd5 54. Re7 Rxb4 55. Rxf7 Rc4 56. f5 gxf5 57. Rxf5+ Kc6 58. Rxh5 b4 59. Re5 b3 60. Re1 b2 61. Rb1 Rb4 62. h5 Kd6 63. g4 Ke6 64. g5 Kf5 65. g6 Kf6 66. Kg3 Kg7 67. Kf3 Kh6 68. Ke3 Rb5 69. Kd4 Rb7 70. Kd5 Kxh5 71. Kc6 Rg7 72. Rxb2 Rxg6+ 73. Kd5 Rg5+ 74. Ke4 Rg4+ 75. Kf5 Rg5+ 76. Kf4 Ra5 77. Rb6 Ra4+ 78. Kf5 Ra5+ 79. Kf6 Kg4 80. Rb4+ Kf3 81. Ke6 Ra3 82. Kf5 Ra5+ 83. Ke6 Ra8 84. Kd5 Ke2 85. Rb2+ Kd3 86. Rh2 Rd8+ 87. Kc6 Rc8+ 88. Kb7 Rg8 89. Kc6 Rc8+ 90. Kd7 Rg8 1/2-1/2


[Site "https://www.chess.com"]

[Event "Titled Tuesday Blitz February 14 Early 2023"]
[White "Vokhidov, Shamsiddin"]
[Black "Sarana, Alexey"]
[WhiteFideId "14204223"]
[BlackFideId "24133795"]
[WhiteElo "2586"]
[BlackElo "2685"]
[Result "1/2-1/2"]
[Round "10"]
[TimeControl "180+2"]
[Date "2023.02.14"]
[WhiteClock "0:00:05"]
[BlackClock "0:00:06"]

1. e4 c5 2. Nf3 d6 3. Bb5+ Bd7 4. Bxd7+ Nxd7 5. O-O e6 6. Qe2 Be7 7. d4 cxd4 8. Nxd4 Rc8 9. c4 Qa5 10. b3 Ngf6 11. Bb2 O-O 12. Nc3 a6 13. f4 Rfe8 14. Kh1 Bf8 15. Rae1 Qh5 16. Nf3 Ng4 17. h3 Nh6 18. Rd1 Nc5 19. Kg1 f5 20. Rfe1 fxe4 21. Nxe4 Nf5 22. g4 Qxh3 23. Nfg5 Qh4 24. Nxc5 Rxc5 25. gxf5 Rxf5 26. Bc1 Rf6 27. Qh2 Qg4+ 28. Qg2 Qh5 29. Rd3 h6 30. Rh3 Qg6 31. Ne4 Qxg2+ 32. Kxg2 Rf5 33. Rg3 Rd8 34. Bb2 d5 35. cxd5 exd5 36. Nf6+ Kf7 37. Ng4 Rxf4 38. Ne5+ Kg8 39. Ng6 Rf7 40. Nxf8 Rdxf8 41. Bd4 Kh7 42. Re5 Rd7 43. Re6 Rf4 44. Be3 Rf5 45. Bd4 Rf4 46. Be3 Rf5 47. Rg4 Rh5 48. Bd4 Rf5 49. Kg3 Rh5 50. Reg6 Rg5 51. R6xg5 hxg5 52. Rxg5 Kh6 53. Kg4 b5 54. b4 Rc7 55. Rxd5 Rc4 56. Rd6+ Kh7 57. Kg5 Rxb4 58. Rd7 Kg8 59. Rxg7+ Kf8 60. Rd7 Ke8 61. Rd6 Ke7 62. Be5 Ra4 63. Rd2 Ke6 64. Bf4 b4 65. Re2+ Kd5 66. Kf5 a5 67. Rd2+ Kc4 68. Ke5 Kc3 69. Rh2 Kc4 70. Be3 Ra3 71. Ke4 Ra4 72. Bc1 b3 73. axb3+ Kxb3+ 74. Kd3 Rb4 75. Bd2 Rb5 76. Bc3 Rd5+ 77. Bd4 Rb5 78. Rb2+ Ka4 79. Rg2 Kb3 80. Rg1 Rb4 81. Rb1+ Ka4 82. Ra1+ Kb5 83. Bc3 Ra4 84. Rf1 Kc6 85. Rf5 Rh4 86. Bxa5 Rh3+ 87. Kc4 Rh4+ 88. Kb3 Rh3+ 89. Bc3 Rh4 90. Rg5 Rf4 91. Kc2 Re4 92. Kd3 Rh4 93. Bd4 Kd6 94. Kc4 Ke6 95. Re5+ Kd6 96. Rf5 Re4 97. Ra5 Ke6 98. Ra6+ Kf5 99. Kd5 Re1 100. Rf6+ Kg5 101. Rf8 Re2 102. Be5 Ra2 103. Bf4+ Kg4 104. Be3 Ra5+ 105. Ke4 Ra4+ 106. Bd4 Rb4 107. Rg8+ Kh4 108. Ke5 Ra4 109. Bf2+ Kh3 110. Kf5 Kh2 111. Be3 Ra3 112. Kf4 Ra4+ 113. Kf3 Kh3 114. Rg3+ Kh4 115. Rg6 Kh3 116. Rh6+ Rh4 117. Rg6 Ra4 118. Rg8 Rb4 119. Rg7 Ra4 120. Rg3+ Kh4 121. Rg1 Kh5 122. Rg5+ Kh4 123. Rg6 Kh3 1/2-1/2


[Site "https://www.chess.com"]

[Event "Titled Tuesday Blitz February 14 Early 2023"]
[White "Korobov, Anton"]
[Black "Zhigalko, Sergei"]
[WhiteFideId "14105730"]
[BlackFideId "13502956"]
[WhiteElo "2664"]
[BlackElo "2572"]
[Result "1-0"]
[Round "10"]
[TimeControl "180+2"]
[Date "2023.02.14"]
[WhiteClock "0:00:44"]
[BlackClock "0:00:01"]

1. d4 Nf6 2. c4 e6 3. Nf3 b6 4. a3 Ba6 5. Qc2 Bb7 6. Nc3 c5 7. dxc5 bxc5 8. Bf4 Qb6 9. e3 Be7 10. Be2 O-O 11. h3 Rd8 12. O-O d6 13. Rfd1 h6 14. b4 Nbd7 15. Rab1 cxb4 16. axb4 Rac8 17. Bg3 Qc6 18. Bf1 Nb6 19. Nd4 Qe8 20. Qa2 Ne4 21. Nxe4 Bxe4 22. Rbc1 Qa4 23. Qxa4 Nxa4 24. Nb5 e5 25. Nxa7 Rb8 26. Nb5 Bc6 27. Rd2 f6 28. f3 Bxb5 29. cxb5 d5 30. Rb1 Nc3 31. Rb3 Nxb5 32. f4 Nd6 33. Rxd5 Ne4 34. Bc4 Kf8 35. Be1 exf4 36. exf4 Rbc8 37. Rxd8+ Bxd8 38. Bd3 Bb6+ 39. Kf1 Nd6 40. b5 Rc1 41. Ke2 Ke7 42. Bf2 Bxf2 43. Kxf2 Kd7 44. b6 Kc8 45. Be2 Rc5 46. Bf3 Rb5 47. Rxb5 Nxb5 48. Ke3 Kd7 49. Ke4 Nd6+ 50. Kd5 Nf5 51. Bg4 1-0


[Site "https://www.chess.com"]

[Event "Titled Tuesday Blitz February 14 Early 2023"]
[White "Van Foreest, Jorden"]
[Black "Sychev, Klementy"]
[WhiteFideId "1039784"]
[BlackFideId "4114060"]
[WhiteElo "2689"]
[BlackElo "2547"]
[Result "1-0"]
[Round "10"]
[TimeControl "180+2"]
[Date "2023.02.14"]
[WhiteClock "0:00:52"]
[BlackClock "0:00:01"]

1. e4 e5 2. Nf3 Nc6 3. Bc4 Nf6 4. d3 Bc5 5. O-O O-O 6. Nc3 h6 7. h3 a6 8. a4 d6 9. Be3 Be6 10. Bxc5 dxc5 11. Bxe6 fxe6 12. b3 Rf7 13. Nb1 g5 14. Nh2 h5 15. Nd2 Rg7 16. Nc4 Qe8 17. f3 Qg6 18. c3 Kh7 19. Ra2 Rag8 20. Qe1 Qh6 21. Raf2 Rg6 22. Qe3 Nd7 23. a5 Qf8 24. g3 Qe7 25. Kh1 Qg7 26. Qe2 Qh6 27. Rg1 Rf6 28. Nf1 Ne7 29. Nfe3 Ng6 30. Rh2 Qf8 31. f4 gxf4 32. Qxh5+ Kg7 33. gxf4 exf4 34. Ng4 Rh8 35. Qg5 f3 36. Nxf6 Qxf6 37. Qxf6+ Kxf6 38. Rg3 Nh4 39. d4 cxd4 40. cxd4 c5 41. e5+ Kf5 42. Rg4 cxd4 43. Nd6+ Kxe5 44. Nf7+ Kd5 45. Nxh8 Nf5 46. Ng6 d3 47. Nf4+ Ke4 48. Nxe6+ Ke3 49. Ng5 f2 50. Re4+ 1-0


[Site "https://www.chess.com"]